Map: King Sejong Station LE

Players

causaldog

  • Race: Zerg Zerg
  • League: Platinum
  • Spawn Location: 5:00

Fropez - Winner!

  • Race: Protoss Protoss
  • League: Gold
  • Spawn Location: 11:00

VOD

Have the link to the VOD?

Description

Time

  • Played on: Nov. 2, 2016, 7:37 p.m.
  • Length: 13:28
Show
View Real Time Build Order
Export as new Build Order

causaldog Zerg 

Build Orders: Hatch First 

Get SALT Encoding   

  12  0:08  Overlord  
  12  0:13  Drone  
  13  0:17  Drone  
  14  0:28  Drone  
  15  0:42  Drone x2  
  17  0:56  Hatchery  
  16  1:02  Drone  
  17  1:05  Drone  
  18  1:23  Spawning Pool  
  18  1:25  Drone x2  
  19  1:34  Drone  
  20  1:45  Extractor  
  19  1:50  Drone  
  20  2:00  Hatchery  
  19  2:06  Drone  
  20  2:15  Queen  
  22  2:17  Queen  
  22  2:21  Drone  
  25  2:25  Drone  
  25  2:28  Drone  
  27  2:32  Drone  
  27  2:36  Extractor  
  27  2:46  Roach Warren  
  27  2:48  Drone x2  
  28  3:00  Overlord x2  
  28  3:11  Lair  
  28  3:15  Drone x2  
  30  3:23  Queen  
  32  3:29  Overlord  
  32  3:33  Drone  
  33  3:34  Drone  
  33  3:38  Drone  
  33  3:39  Drone  
  36  3:44  Roach  
  38  3:50  Roach  
  38  3:52  Roach  
  42  3:56  Roach  
  42  3:59  Roach  
  46  4:07  Roach  
  46  4:08  Roach  
  50  4:10  Roach  
  46  4:34  Roach x5  
  46  4:35  Roach  
  56  4:47  Queen  
  56  4:50  Drone  
  58  5:09  Overlord x3  
  58  5:18  Glial Reconstitution  
  58  5:29  Drone x3  
  58  5:30  Drone  
  62  5:41  Hydralisk Den  
  61  5:46  Infestation Pit  
  61  5:47  Drone  
  61  5:50  Drone  
  61  5:53  Drone  
  61  5:55  Drone  
  64  6:31  Hydralisk x4  
  64  6:32  Hydralisk x3  
  74  6:40  Queen  
  74  6:47  Muscular Augments  
  64  7:04  Pneumatized Carapace  
  64  7:11  Overseer  
  64  7:21  Extractor  
  63  7:25  Extractor  
  57  7:40  Overseer  
  57  7:41  Overseer  
  57  7:54  Spore Crawler  
  57  7:57  Spore Crawler  
  55  8:02  Spine Crawler  
  55  8:04  Drone x7  
  55  8:05  Drone x2  
  63  8:20  Spine Crawler  
  63  8:22  Drone x2  
  63  8:23  Drone  
  63  8:24  Queen  
  67  8:28  Drone  
  67  8:32  Spore Crawler  
  67  8:35  Spine Crawler  
  67  8:38  Drone  
  67  8:59  Hive  
  67  9:08  Hydralisk, Roach x2  
  73  9:14  Overlord x2  
  57  9:49  Hydralisk x2, Roach  
  57  9:50  Roach x3  
  69  10:20  Drone  
  69  10:21  Drone x5  
  75  10:42  Hatchery  
  74  11:01  Drone x3  
  75  11:36  Hatchery  
  51  12:13  Hydralisk x5, Roach x2  
  51  12:14  Roach x4  
  62  12:55  Drone  
  63  13:00  Drone x2  
Show
View Real Time Build Order
Export as new Build Order

Fropez Protoss - Winner!

Build Orders: 1 Gate Expand 

Get SALT Encoding   

  12  0:01  Probe (Chrono Boost)  
  13  0:11  Probe (Chrono Boost)  
  14  0:17  Pylon  
  14  0:22  Probe (Chrono Boost)  
  16  0:35  Probe (Chrono Boost)  
  16  0:38  Gateway  
  16  0:46  Probe (Chrono Boost)  
  17  0:52  Gateway  
  18  0:57  Probe (Chrono Boost)  
  18  1:25  Nexus  
  18  1:29  Probe (Chrono Boost)  
  18  1:34  Assimilator  
  19  1:44  Cybernetics Core  
  18  1:50  Probe (Chrono Boost)  
  19  2:02  Probe (Chrono Boost)  
  20  2:13  Pylon  
  20  2:15  Pylon  
  20  2:19  Assimilator  
  20  2:27  Adept  
  22  2:31  Adept  
  22  2:32  Probe (Chrono Boost)  
  22  2:35  Warp Gate (Chrono Boost)  
  25  2:37  Probe (Chrono Boost)  
  26  2:44  Probe (Chrono Boost)  
  27  2:54  Adept  
  27  2:58  Probe (Chrono Boost)  
  31  3:04  Mothership Core (Chrono Boost)  
  32  3:07  Adept  
  32  3:12  Assimilator  
  34  3:17  Probe (Chrono Boost)  
  35  3:23  Pylon  
  36  3:27  Probe (Chrono Boost)  
  36  3:34  Probe (Chrono Boost), Gateway  
  37  3:44  Probe (Chrono Boost)  
  38  3:53  Twilight Council  
  38  4:00  Adept  
  40  4:04  Gateway  
  36  4:54  Blink (Chrono Boost)  
  36  5:02  Dark Shrine, Robotics Facility  
  32  5:12  Dark Shrine  
  32  5:18  Pylon  
  32  5:20  Probe  
  30  5:22  Probe  
  30  5:23  Dark Shrine  
  30  5:24  Adept x3  
  30  5:25  Adept  
  40  5:33  Probe  
  40  5:34  Probe  
  42  5:37  Gateway  
  42  5:39  Pylon  
  42  5:48  Warp Prism  
  44  5:54  Probe x2, Gateway  
  46  6:02  Assimilator  
  46  6:06  Probe  
  47  6:17  Stalker x3  
  53  6:25  Probe  
  53  6:27  Probe  
  51  6:48  Resonating Glaives (Chrono Boost)  
  51  6:51  Dark Templar  
  51  6:52  Dark Templar x3  
  57  7:05  Dark Templar  
  53  7:23  Nexus  
  53  7:25  Pylon  
  53  7:27  Pylon  
  49  7:44  Stalker x5  
  59  7:52  Immortal  
  59  7:56  Probe  
  59  7:57  Probe  
  65  7:59  Pylon  
  65  8:08  Stalker x4  
  71  8:19  Dark Templar x2  
  75  8:31  Probe  
  75  8:32  Observer, Probe  
  78  8:41  Gateway  
  78  8:45  Probe  
  78  8:46  Probe, Gateway  
  80  8:48  Pylon  
  80  8:49  Probe  
  80  8:51  Pylon  
  81  9:16  Dark Templar x4  
  65  9:56  Adept x5  
  65  9:57  Adept  
  77  10:03  Assimilator  
  77  10:09  Assimilator, Immortal  
  77  10:11  Forge  
  77  10:13  Pylon  
  79  11:12  Adept x5  
  79  11:13  Adept x2  
  93  11:20  Probe  
  93  11:21  Probe  
  93  11:22  Probe  
  96  11:26  Photon Cannon  
  96  11:27  Pylon, Photon Cannon  
  96  11:29  Photon Cannon  
  96  11:30  Photon Cannon, Immortal  
  96  11:31  Protoss Ground Weapons Level 1 (Chrono Boost)  
  100  11:34  Photon Cannon  
  100  11:36  Adept x6  
  100  11:37  Adept x2  
  82  12:44  Immortal  
  82  12:46  Stalker x7  
  82  12:47  Stalker  
  94  12:57  Gateway  
  94  12:59  Gateway  
  94  13:10  Dark Templar x7  
Tags
 
Add a new tag
Caveats
  • Supply blocks, unpowered buildings, or Contaminate may cause inaccurate times.
  • Supply counts are checked every 10 seconds.